 Dungeon Crawl Stone Soup version 0.14-a0-1765-g49ce880 (webtiles) character file.

175 PolkaDot the Vexing (level 3, -5/24 HPs)
             Began as a Vampire Enchanter on Jan 6, 2014.
             Slain by Sigmund
             ... wielding a +2,+1 scythe
              (7 damage)
             ... on Level 2 of the Dungeon.
             The game lasted 00:08:10 (1961 turns).

PolkaDot the Vexing (Vampire Enchanter)             Turns: 1961, Time: 00:08:10

HP  -5/24        AC  3     Str  7      XL: 3   Next: 46%
MP   2/6         EV 12     Int 17      God:
Gold 129         SH  0     Dex 15      Spells:  2 memorised,  2 levels left

rFire  . . .     SeeInvis +     a - +1 dagger
rCold  . . .     Clarity  .     b - +1 robe
rNeg   + . .     Conserve .     (no shield)
rPois  .         rCorr    .     (no helmet)
rElec  .         rRot     .     (no cloak)
SustAb . .       Spirit   .     (no gloves)
rMut   .         Warding  .     (no boots)
Saprov . . .     Stasis   .     (no amulet)
                                (no ring)
                                (no ring)

@: about to teleport, slightly resistant to hostile enchantments, stealthy
A: fangs 3, see invisible, unbreathing
a: Bat Form


You were on level 2 of the Dungeon.
You were not thirsty.

You visited 1 branch of the dungeon, and saw 3 of its levels.

You collected 129 gold pieces.

Inventory:

Hand weapons
 a - a +1,+1 dagger (weapon)
Missiles
 d - 12 darts (quivered)
Armour
 b - a +1 robe (worn)
Scrolls
 f - a scroll of remove curse {unknown}
 g - 5 scrolls of identify {unknown}
 h - a scroll of recharging {unknown}
 i - a scroll of enchant weapon II {unknown}
Books
 c - a book of Maledictions

   Spells                             Type                      Level
   *Corona                            Hexes                        1
   Sure Blade                         Hexes/Charms                 2
   Ensorcelled Hibernation            Hexes/Ice                    2
   *Confuse                           Hexes                        3
   Enslavement                        Hexes                        4
   Invisibility                       Hexes                        6


   Skills:
 + Level 1.7 Short Blades
 - Level 0.7 Throwing
 - Level 2.1 Dodging
 - Level 3.0 Stealth
 - Level 2.0 Spellcasting
 * Level 6.3 Hexes


You had 2 spell levels left.
You knew the following spells:

 Your Spells              Type           Power        Failure   Level  Hunger
a - Corona                Hex            ###....      1%          1    #......
c - Confuse               Hex            ###.....     6%          3    ####...


Dungeon Overview and Level Annotations

Branches:
Dungeon (3/16)

Altars:
Okawaru

Annotations:
D:2 Sigmund


Innate Abilities, Weirdness & Mutations

You have razor-sharp teeth.*
You have supernaturally acute eyesight.
You can survive without breathing.*


Message History

Sigmund yells, "Get them off me!"
You hit Sigmund but do no damage.
Sigmund is lightly wounded.
Sigmund misses you.
You hit Sigmund but do no damage.
Sigmund is lightly wounded.
You completely miss Sigmund. You bite Sigmund.
Sigmund is lightly wounded.
Sigmund seems less confused.
Sigmund gestures at you while chanting. The magic dart hits you!
You aren't carrying any potions.
Read which item? (? for menu, Esc to quit)
As you read the scroll labeled BUEJEB HONUTE, it crumbles to dust.
You feel strangely unstable.
It was a scroll of teleportation.
Sigmund hits you with a scythe!
* * * LOW HITPOINT WARNING * * *
Sigmund says, "Your kind have come here before.
I understand now why.
You desire death..."
Sigmund hits you from afar with a scythe!
You die...

###.# #.....# #.# # ....######
#.....#########.# # #####....#
#...............### #....#
#..................
#####....######..................
..>...........'..................
......)...#####@.................
..........# #..................
.@........# #.@................
..........# #...........)......
..........# #........).........
..........# #....%.............
..[.......# ######.............
##'######## ##################...
......# #....................
......# #.###############....
......#######.### #.#..


You could see Sigmund.

Vanquished Creatures
  An adder (D:2)
  A giant gecko (D:1)
  A ball python (D:2)
  6 bats
  2 giant cockroaches (D:3)
  6 goblins
  4 hobgoblins
  3 quokkas
  A giant newt (D:2)
  2 kobolds
  8 rats
35 creatures vanquished.

Notes
Turn   | Place    | Note
--------------------------------------------------------------
     0 | D:1      | PolkaDot, the Vampire Enchanter, began the quest for the Orb.
     0 | D:1      | Reached XP level 1. HP: 13/13 MP: 3/3
   113 | D:1      | Reached skill level 5 in Hexes
   247 | D:1      | Reached XP level 2. HP: 19/19 MP: 4/4
   690 | D:2      | Reached skill level 6 in Hexes
   693 | D:2      | Reached XP level 3. HP: 22/24 MP: 6/6
   763 | D:2      | Noticed Sigmund
  1402 | D:2      | Learned a level 3 spell: Confuse
  1689 | D:2      | Found an iron altar of Okawaru.
  1961 | D:2      | Slain by Sigmund

Action                   || total
-------------------------++-------
Melee: Dagger            ||   125
 Cast: Confuse           ||     4
  Use: Potion            ||     7
       Scroll            ||     1
 Stab: Sleeping          ||     5
